 Dungeon Crawl Stone Soup version 0.32-a0-119-g2e8054a (webtiles) character file.

Game seed: 4417738849647225197

57 Dorkslayer the Ducker (level 4, -2/31 HPs)
             Began as an Octopode Fighter on Feb 6, 2024.
             Slain by a jackal (3 damage)
             ... on level 2 of the Dungeon.
             The game lasted 00:03:15 (864 turns).

Dorkslayer the Ducker (Octopode Fighter)             Turns: 864, Time: 00:03:16

Health: -2/31      AC:  1    Str: 17    XL:     4   Next: 0%
Magic:  13/13      EV: 13    Int: 10    God:
Gold:   98         SH:  9    Dex: 11    Spells: 3/3 levels left

rFire   . .          .
                       - Unarmed
rCold   . . .        a - +0 buckler
rNeg    . . .        (helmet restricted)
rPois   .            e - amulet of reflection
rElec   .            k - ring of magical power
rCorr   .            (no ring)
SInv    .            (no ring)
Will    .....        (no ring)
Stlth   ++           (no ring)
HPRegen 0.25/turn    (no ring)
MPRegen 0.13/turn    (no ring)
                     (no ring)

%: reflection
@: no status effects
A: almost no armour, amphibious, 8 rings, camouflage 1, gelatinous body 1,
(nimble swimmer 1), tentacles
a: no special abilities


You were on level 2 of the Dungeon.
You visited 1 branch of the dungeon, and saw 2 of its levels.

You collected 98 gold pieces.

Inventory:

Hand Weapons
 h - a +0 mace of holy wrath
Armour
 a - a +0 buckler (worn)
Jewellery
 e - an amulet of reflection (around mantle)
 k - a ring of magical power (left tentacle)
Scrolls
 c - a scroll of teleportation {unknown}
 f - 2 scrolls of identify
 g - a scroll of revelation {unknown}
 i - 2 scrolls of enchant weapon {unknown}
Potions
 b - a potion of might
 d - a potion of curing
 j - a potion of mutation {unknown}


   Skills:
 + Level 3.3 Fighting
 + Level 3.4 Dodging
 + Level 0.4 Stealth
 + Level 3.4 Shields
 * Level 2.9 Unarmed Combat


You had 3 spell levels left.
You didn't know any spells.
Your spell library was empty.

Dungeon Overview and Level Annotations

Branches:
Dungeon (2/15)

Altars:

Annotations:
D:2 Robin


Innate Abilities, Weirdness & Mutations

You cannot wear most types of armour.
You are amphibious.
You can wear up to eight rings at the same time.
Your skin changes colour to match your surroundings (Stealth+).
Your rubbery body absorbs attacks. (AC +1, EV +1)
((You are camouflaged when in or above water. (Stealth+)))
You have tentacles for arms and can constrict up to eight enemies at once.


Message History

The ball python grabs you. The ball python constricts you. The rat bites you.
A goblin comes into view. It is wielding a +0 club.
The jackal bites you.
Unknown command.
You closely miss the ball python. Your grab misses the ball python.
Your squeeze misses the ball python.
The ball python bites you but does no damage.
The ball python constricts you. The rat bites you. The jackal bites you.
A goblin comes into view. It is wielding a +0 dagger.
Robin throws the goblin at you!
Unknown command.
The ball python's grasp on you weakens, but your attempt to escape fails.
The ball python bites you. The ball python constricts you.
The jackal barely misses you. The goblin misses you.
You block the rat's attack.
A goblin comes into view. It is wielding a +0 dagger.
Robin throws the goblin at you! You block the ball python's attack.
The ball python constricts you.
Okay, then.
As you read the scroll labelled FIUSIH GYSAATTANAD, it crumbles to dust.
It is a scroll of identify.
d - a potion of curing You block the jackal's attack.
You block the goblin's attack. The ball python closely misses you.
The ball python constricts you. The rat bites you.
* * * LOW HITPOINT WARNING * * *
A frilled lizard comes into view.
The goblin hits you with a +0 club.
* * * LOW HITPOINT WARNING * * *
The jackal barely misses you.
You escape the ball python's grasp.
The jackal closely misses you. The goblin hits you with a +0 dagger.
* * * LOW HITPOINT WARNING * * *
The rat barely misses you. The goblin hits you with a +0 club.
* * * LOW HITPOINT WARNING * * *
Unknown command.
The goblin shouts!
You hear a shout!
The jackal barely misses you. You block the goblin's attack.
The jackal bites you.
You die...

#.....#......#
......g.......#
.....g..g......###
....$....#.g......#
........g..g.....#..
..........ggggS....##
............ggr.......
..............h#..####
................@#....#
.................# .....
#.?..$......†....# #....
##!...........#....###..
#......#.#..#.####..# ..
.......#...##..####.#
.........[####...# ...
<....)....###..... ..
.<............####.


You could see Robin, a jackal, a hobgoblin, 10 goblins, a ball python and a rat.

Vanquished Creatures
  An adder (D:2)
  2 endoplasms (D:1)
  7 goblins
  5 hobgoblins (D:1)
  7 jackals
  4 kobolds (D:1)
  3 quokkas
  5 ball pythons
  3 bats (D:1)
  4 rats (D:1)
41 creatures vanquished.

Notes
Turn   | Place    | Note
-------+----------+-------------------------------------------
     0 | D:1      | Dorkslayer the Octopode Fighter began the quest for the
                  | Orb.
     0 | D:1      | Reached XP level 1. HP: 16/16 MP: 1/1
    57 | D:1      | Reached XP level 2. HP: 21/21 MP: 2/2
   421 | D:1      | Reached XP level 3. HP: 26/26 MP: 3/3
   846 | D:2      | Reached XP level 4. HP: 25/31 MP: 4/4
   856 | D:2      | Noticed Robin
   862 | D:2      | HP: 1/31 [goblin/+0 club[Robin] (2)]
   864 | D:2      | Slain by a jackal

Illustrated notes

Levels and vault maps discovered:
D:1:      dpeg_arrival_refuge, layout_basic, minmay_circled_x
D:2:      layout_rooms, uniq_robin

Action                     |  1- 3 |  4- 6 || total
---------------------------+-------+-------++-------
  Melee: Unarmed           |    76 |     4 ||    80
         Constrict         |    25 |       ||    25
         Tentacles         |    19 |       ||    19
         Punch             |     4 |       ||     4
    Use: Scroll            |       |     1 ||     1
   Stab: Sleeping          |     3 |       ||     3
 Armour: Skin              |    20 |    15 ||    35
  Dodge: Dodged            |    29 |    12 ||    41
  Block: Buckler           |    31 |     7 ||    38
         Reflection        |     1 |       ||     1

Table legend: (Time is in decaauts)
 A = Elapsed time spent in this place.
 B = Non-inter-level travel time spent in this place.
 C = Inter-level travel time spent in this place.
 D = Time resting spent in this place.
 E = Time spent auto-exploring this place.
 F = Levels seen in this place.
 G = Mean time per level.
                   A        B        C        D        E       F      G
               +--------+--------+--------+--------+--------+-----+--------+
         Total |    862 |    862 |      0 |      0 |    429 |   2 |  431.0 |
       Dungeon |    862 |    862 |      0 |      0 |    429 |   2 |  431.0 |
               +--------+--------+--------+--------+--------+-----+--------+

Top non-repeatable levels by time:
     D:1: 805 daAuts
     D:2: 57 daAuts
